AoeStats
← El_Roger!

African Clearing

506737062Analyzed
4v4 RM · 17d ago on Sep 14, 2026· 29m 28s· 8 players
Game mode
Random Map
Map size
Large (8 player)
Population
200
Speed
Normal
Resources
Standard
Victory
Conquest
Starting age
Dark Age
Ending age
Imperial Age
RankedLock teamsTeams togetherTeam positionsShared explorationLock speedFull tech treeHidden civsTurbo modeCheats
Victory
Defeat
🇷🇺 Byzantines · Russia
1032
+11
🇦🇷 Vietnamese · Argentina
963
+14
🇧🇷 Lithuanians · Brazil
927
+15
🇷🇺 Saracens · Russia
877
+16
🇨🇦 Sicilians · Canada
958
-16
🇹🇷 Goths · Türkiye
902
-14
🇯🇵 Maya · Japan
892
-13
🇨🇳 Franks · China
880
-13
King Diamond_44
3:31 Loom
13:11 Feudal Age
17:33 Castle Age
15:47 Horse Collar
16:42 Double-Bit Axe
17:20 Gold Mining
18:14 Bloodlines
Encebollado
5:09 Loom
15:20 Feudal Age
22:55 Forging
22:35 Fletching
24:00 Scale Mail Armor
24:01 Padded Archer Armor
24:08 Scale Barding Armor
29:30 Castle Age
El_Roger!
17:16 Feudal Age
18:59 Fletching
19:12 Padded Archer Armor
20:15 Loom
21:07 Wheelbarrow
26:07 Castle Age
25:25 Double-Bit Axe
25:23 Horse Collar
27:11 Crossbowman
29:58 Ballistics
DANIR
5:30 Loom
14:48 Feudal Age
17:00 Wheelbarrow
21:10 Castle Age
20:39 Double-Bit Axe
20:50 Gold Mining
20:57 Stone Mining
22:21 Hand Cart
22:02 Crossbowman
22:03 Elite Skirmisher
23:20 Fletching
23:00 Pikeman
25:06 Bodkin Arrow
27:53 Hand Cart
28:05 Bow Saw
27:39 Horse Collar
29:45 Murder Holes
Coffee Bean
12:40 Feudal Age
13:31 Double-Bit Axe
20:29 Castle Age
20:15 Loom
21:07 Wheelbarrow
23:01 Bow Saw
22:40 Horse Collar
26:49 Heavy Plow
しこっぴ
3:14 Loom
15:00 Feudal Age
16:29 Town Watch
16:37 Double-Bit Axe
18:10 Gold Mining
18:12 Stone Mining
22:27 Castle Age
20:36 Horse Collar
20:50 Fletching
21:02 Padded Archer Armor
22:56 Crossbowman
23:41 Thumb Ring
24:09 Bow Saw
23:58 Bodkin Arrow
24:18 Leather Archer Armor
26:13 Fervor
26:24 Sanctity
28:39 Ballistics
Mordecai
3:09 Loom
16:51 Feudal Age
20:53 Man-at-Arms
23:30 Double-Bit Axe
76561199018652089
18:13 Feudal Age
19:59 Wheelbarrow
19:15 Double-Bit Axe
21:57 Castle Age
Connection lost

Rejoining the realm…

Still unreachable

The connection could not be restored.

Session expired

The server has moved on; the page needs a fresh start.